 Dungeon Crawl Stone Soup version 0.30-a0-137-gd8773701ce (webtiles) character file.

Game seed: 4068360225873499711

93 ImAmAmBug the Sneak (level 4, 0/24 HPs)
             Began as a Vampire Enchanter on Sept 21, 2022.
             Killed from afar by Ijyb (9 damage)
             ... with a puff of flame
             ... on level 3 of the Dungeon.
             The game lasted 00:04:11 (1999 turns).

ImAmAmBug the Sneak (Vampire Enchanter)             Turns: 1999, Time: 00:04:12

Health: 0/24       AC:  3    Str:  7    XL:     4   Next: 37%
Magic:  1/7        EV: 12    Int: 17    God:
Gold:   134        SH:  0    Dex: 16    Spells: 1/7 levels left

rFire   . . .      SeeInvis +    a - +2 dagger
rCold   + + .      Faith    .    (no shield)
rNeg    + + +      Spirit   .    b - +1 robe
rPois   ∞          Reflect  .    (no helmet)
rElec   .          Harm     .    (no cloak)
rCorr   .          Rampage  .    (no gloves)
Will    .....                    (no boots)
Stlth   +++++.....               (no amulet)
HPRegen 0.00/turn                (no ring)
MPRegen 0.10/turn                (no ring)

@: bloodless, inhibited regen, invisible
A: bloodless, fangs 3, see invisible, vampiric 2
a: Bat Form, Revivify


You were on level 3 of the Dungeon.
You visited 1 branch of the dungeon, and saw 3 of its levels.

You collected 134 gold pieces.

Inventory:

Hand Weapons
 a - a +2 dagger (weapon)
Armour
 b - a +1 robe (worn)
Jewellery
 e - a ring of poison resistance
Scrolls
 f - a scroll of enchant weapon
Potions
 c - a potion of invisibility
 d - a potion of haste
 g - a potion of curing
 h - a potion of might
 i - a potion of attraction
 j - a potion of heal wounds {unknown}


   Skills:
 + Level 2.4 Short Blades
 - Level 2.1 Dodging
 * Level 6.5 Stealth
 - Level 2.0 Spellcasting
 + Level 5.3 Hexes


You had one spell level left.
You knew the following spells:

 Your Spells              Type           Power      Damage    Failure   Level
a - Shock                 Conj/Air       4%         1d3       19%         1
b - Ensorcelled Hibernat  Hex/Ice        20%        N/A       10%         2
c - Confusing Touch       Hex            19%        N/A       6%          3

Your spell library contained the following spells:

 Spells                   Type           Power      Damage    Failure   Level
 Tukima's Dance           Hex            19%        N/A       6%          3
 Dazzling Flash           Conj/Hex       20%        N/A       19%         3
 Swiftness                Air            1%         N/A       50%         3
 Airstrike                Air            0%         2d(1-17)  88%         4


Dungeon Overview and Level Annotations

Branches:
Dungeon (3/15)

Altars:

Shops:
D:2 !

Annotations:
D:3 Ijyb


Innate Abilities, Weirdness & Mutations

You do not regenerate when monsters are visible.
You are frail without blood (-20% HP).
You can heal yourself when you bite living creatures.
You are immune to poison.
You have razor-sharp teeth.
You have supernaturally acute eyesight. (SInv)
You are afflicted with vampirism and can become a bat while bloodless.


Message History

Press: ? - help, Shift-Dir - straight line, f - orc, p - Ijyb
Aim: an orc, wielding a +0 club and wearing a +0 leather armour (chance to affect: 62%)
You miscast Ensorcelled Hibernation.
You are very lightly contaminated with residual magic.
Nothing appears to happen.
The orc closely misses you. The orc attacks as you move away!
The orc hits you with a +0 club. Ijyb attacks as you move away!
Ijyb hits you with a +0 dagger. The orc attacks as you move away!
The orc closely misses you.
Ijyb screams, "Die!"
Casting: Ensorcelled Hibernation (safe; 10% risk of failure)
Confirm with . or Enter, or press ? or * to list all spells.
Aiming: Ensorcelled Hibernation (safe; 10% risk of failure)
Press: ? - help, Shift-Dir - straight line, f/p - orc
Aim: an orc, wielding a +0 club and wearing a +0 leather armour (chance to affect: 62%)
The orc resists with significant effort.
The orc hits you with a +0 club.
* * * LOW HITPOINT WARNING * * *
Casting: Ensorcelled Hibernation (safe; 10% risk of failure)
Confirm with . or Enter, or press ? or * to list all spells.
Aiming: Ensorcelled Hibernation (safe; 10% risk of failure)
Press: ? - help, Shift-Dir - straight line, f/p - orc
Aim: an orc, wielding a +0 club and wearing a +0 leather armour (chance to affect: 62%)
The orc looks drowsy...
Unknown command.
The helpless orc fails to defend itself.
You bite the orc, and draw its blood!
You feel better.
You skewer the orc like a kebab!!!
You kill the orc!
Ijyb zaps a wand.
The puff of flame misses you.
Your magical contamination has completely faded away.
You aren't carrying any items that you can evoke.
Unknown command.
You fade into invisibility!
Ijyb screams, "Me very upset!"
Unknown command.
Ijyb screams, "You nasty!
Big nasty!"
Ijyb zaps a wand.
The puff of flame misses you.
You hit Ijyb but do no damage. You bite Ijyb, but do no damage.
Ijyb zaps a wand.
The puff of flame hits you!
You die...

#####.#### #........(
#.###.#### #)# .. ###
#.###.####
###.#####).......#
#.#....g..)...##.#
#.#...@#..######'#
###.#...##..#.......
#...#.#.##..#.......
#########.#.#.#.##..#......!
#.......#...#.#.##..#.......
#.#>........................
#....................#######
#####.#.###.#.####...##
#....#.# #.#.# #....#


You could see Ijyb (unable to see you).

Vanquished Creatures
  Terence (D:2)
  An orc wizard (D:3)
  A dart slug (D:1)
  3 orcs (D:3)
  6 ball pythons
  4 endoplasms
  A giant cockroach (D:2)
  A goblin (D:2)
  2 hobgoblins
  2 quokkas (D:2)
  5 bats
  3 frilled lizards (D:1)
  5 kobolds
  3 rats
38 creatures vanquished.

Notes
Turn   | Place    | Note
-------+----------+-------------------------------------------
     0 | D:1      | ImAmAmBug the Vampire Enchanter began the quest for the
                  | Orb.
     0 | D:1      | Reached XP level 1. HP: 13/13 MP: 3/3
   102 | D:1      | Learned a level 1 spell: Shock
   233 | D:1      | Reached XP level 2. HP: 14/19 MP: 1/5
   273 | D:1      | Reached skill level 5 in Stealth
   328 | D:1      | Learned a level 2 spell: Ensorcelled Hibernation
  1158 | D:2      | Noticed Terence
  1167 | D:2      | Killed Terence
  1168 | D:2      | Reached skill level 5 in Hexes
  1168 | D:2      | Gained mutation: You are afflicted with vampirism and can
                  | become a bat while bloodless. [Vampire growth]
  1168 | D:2      | Reached XP level 3. HP: 19/19 MP: 3/6
  1173 | D:2      | Learned a level 3 spell: Confusing Touch
  1273 | D:2      | Reached skill level 6 in Stealth
  1325 | D:2      | Found Sicefatanu's Distillery.
  1602 | D:2      | Found a faded altar of an unknown god.
  1875 | D:3      | Reached XP level 4. HP: 24/24 MP: 7/7
  1952 | D:3      | Noticed Ijyb
  1999 | D:3      | Killed from afar by Ijyb

Illustrated notes

Levels and vault maps discovered:
D:1:      dpeg_arrival_connections, layout_loops_ring, chequers_mini_garden,
          minmay_crystal_room, minmay_bisected
D:2:      layout_basic, ebering_ecumenical_altar_rust, serial_shops, shop,
          serial_glass, glass_columns_c, glass_columns_a,
          minmay_misc_feat_ornament, nicolae_figureground_pulse, uniq_terence
D:3:      layout_basic, uniq_ijyb, uniq_sigmund

Skill      XL: |  1  2  3 |
---------------+----------+-----
Stealth        | 5 6 |  6.5
Short Blades   | 2 |  2.4
Hexes          | 5 |  5.3
Dodging        | |  2.1
Spellcasting   | |  2.0

Action                   |  1- 3 |  4- 6 || total
-------------------------+-------+-------++-------
Melee: Dagger            |    59 |    15 ||    74
       Bite              |     3 |     1 ||     4
 Cast: Shock             |    12 |     1 ||    13
       Ensorcelled Hiber |     7 |     7 ||    14
 Abil: Exsanguinate      |     1 |       ||     1
  Use: Scroll            |     8 |       ||     8
       Potion            |     1 |     1 ||     2
 Stab: Sleeping          |    12 |     6 ||    18
Armor: Robe              |    13 |     9 ||    22
Dodge: Dodged            |    30 |    18 ||    48

Table legend: (Time is in decaauts)
 A = Elapsed time spent in this place.
 B = Non-inter-level travel time spent in this place.
 C = Inter-level travel time spent in this place.
 D = Time resting spent in this place.
 E = Time spent auto-exploring this place.
 F = Levels seen in this place.
 G = Mean time per level.
                   A        B        C        D        E       F      G
               +--------+--------+--------+--------+--------+-----+--------+
         Total |   1992 |   1902 |     90 |    135 |   1466 |   3 |  664.0 |
       Dungeon |   1992 |   1902 |     90 |    135 |   1466 |   3 |  664.0 |
               +--------+--------+--------+--------+--------+-----+--------+

Top non-repeatable levels by time:
     D:2: 1003 daAuts
     D:1: 865 daAuts
     D:3: 124 daAuts
